 Dungeon Crawl Stone Soup version 0.25-a0-62-g88673ef095 (webtiles) character file.

Game seed: 17141804175962641216, levelgen mode: deterministic

24 iamserjio the Skirmisher (level 3, 4/24 HPs)
             Began as an Octopode Chaos Knight on Oct 29, 2019.
             Was a Plaything of Xom.
             Quit the game on level 3 of the Dungeon.
             The game lasted 00:01:32 (1387 turns).

iamserjio the Skirmisher (Octopode Chaos Knight)    Turns: 1387, Time: 00:01:33

Health: 4/24       AC:  1    Str: 11      XL:     3   Next: 2%
Magic:  3/3        EV: 13    Int: 14      God:    Xom [....*.]
Gold:   89         SH:  0    Dex:  8 (10) Spells: 2/2 levels left

rFire    . . .     SeeInvis .   a - +0 short sword (chaos)
rCold    . . .     Gourm    .   (no shield)
rNeg     . . .     Faith    .   (helmet restricted)
rPois    .         Spirit   .   (no amulet)
rElec    .         Reflect  .   (no ring)
rCorr    .         Harm     .   (no ring)
MR       .....                  (no ring)
Stlth    ++........             (no ring)
HPRegen  0.08/turn              (no ring)
MPRegen  0.08/turn              (no ring)
                                (no ring)
                                (no ring)

@: lethally poisoned (4 -> 0), hasted, very quick
A: almost no armour, stealthy swim, amphibious, 8 rings, constrict 8, camouflage
1, clumsy 1, deterioration 1, frail 1, screaming 1, gelatinous body 1
a: Renounce Religion


You were on level 3 of the Dungeon.
You worshipped Xom.
You were a beloved toy of Xom.
You were not hungry.

You visited 1 branch of the dungeon, and saw 3 of its levels.

You collected 89 gold pieces.

Inventory:

Hand Weapons
 a - a +0 short sword of chaos (weapon)
Scrolls
 c - 2 scrolls of teleportation {unknown}
 d - 2 scrolls of remove curse {unknown}
Comestibles
 b - 4 rations
 f - 4 chunks of flesh


   Skills:
 * Level 3.8 Fighting
 - Level 3.0 Short Blades
 + Level 2.8 Dodging


You had 2 spell levels left.
You didn't know any spells.
Your spell library was empty.

Dungeon Overview and Level Annotations

Branches:
Dungeon (3/15)

Altars:
Wu Jian


Innate Abilities, Weirdness & Mutations

You cannot wear most types of armour.
You are very stealthy in the water. (Stealth+)
You are amphibious.
You can wear up to eight rings at the same time.
You can use your tentacles to constrict eight enemies at once.
Your skin changes colour to match your surroundings (Stealth+).
Your rubbery body absorbs attacks. (AC +1, EV +1)
You are clumsy. (Dex -2)
Your body sometimes deteriorates upon taking damage.
You are frail. (-10% HP)
You occasionally shout uncontrollably at your foes.


Message History

The kobold closely misses you. The adder bites you.
Your body deteriorates!
You feel clumsy. The kobold misses you. The kobold hits you with a +0 club.
The kobold hits you but does no damage. The kobold closely misses you.
The kobold misses you. The adder bites you.
You are poisoned.
The adder poisons you!
You feel sick. The kobold hits you with a +0 club.
* * * LOW HITPOINT WARNING * * *
Found a robe.
Found a stone staircase leading up.
* * * LOW HITPOINT WARNING * * *
You feel sick. The adder barely misses you.
* * * LOW HITPOINT WARNING * * *
You feel sick.
You see here a robe.
It was a potion of haste.
You feel yourself speed up.
Xom thinks this is hilarious!
The adder closely misses you. The adder bites you.
* * * LOW HITPOINT WARNING * * *
Unknown command.

....#.........#.. .
...#....##...(. #. ..
............. ... #..
#.#....>...##....
#...#.#..#...(...)#
...........#.<....#.
......KK#......w.....
...<..#S#...#........
..... #@#...##.......
...# #.#...# .#.....
.. ......# .#..>.. .
........ .# ....
...........# ....
.#.#+#.##... #... .#
.... .#


You could see an adder and 2 kobolds.

Vanquished Creatures
  An ooze (D:1)
  A dart slug (D:2)
  A leopard gecko (D:2)
  4 goblins
  A ball python (D:1)
  A bat (D:2)
  A frilled lizard (D:2)
  6 kobolds
  A rat (D:2)
17 creatures vanquished.

Notes
Turn   | Place    | Note
-------+----------+-------------------------------------------
     0 | D:1      | iamserjio the Octopode Chaos Knight began the quest for the
                  | Orb.
     0 | D:1      | Reached XP level 1. HP: 16/16 MP: 1/1
    95 | D:1      | Reached XP level 2. HP: 14/21 MP: 2/2
   688 | D:2      | Found an ornate altar of the Wu Jian Council.
   819 | D:2      | XOM: silly message
   832 | D:2      | XOM: potion effect (agility)
  1005 | D:1      | XOM: harmless Conj miscast
  1150 | D:2      | XOM: give mutations
  1150 | D:2      | Gained mutation: You occasionally shout uncontrollably at
                  | your foes. [Xom's mischief]
  1150 | D:2      | Gained mutation: Your body sometimes deteriorates upon
                  | taking damage. [Xom's mischief]
  1150 | D:2      | Gained mutation: You are frail. (-10% HP) [Xom's mischief]
  1150 | D:2      | Gained mutation: You are clumsy. (Dex -2) [Xom's mischief]
  1252 | D:2      | Reached XP level 3. HP: 24/24 MP: 3/3
  1336 | D:2      | XOM: summons 3 hostile shadow creatures
  1342 | D:2      | Noticed a shapeshifter
  1342 | D:2      | an adder changed into a shapeshifter
  1342 | D:2      | XOM: polymorph adder -> shapeshifter
  1342 | D:2      | Noticed an orb spider
  1342 | D:2      | a shapeshifter changed into an orb spider
  1387 | D:3      | Quit the game

Levels and vault maps discovered:
D:1:      eino_arrival_cavern_b, layout_rooms, minmay_misc_feat_rugged
D:2:      layout_basic, nicolae_overflow_crystal_walls, serial_corexii_hall,
          corexii_hall_statues_l, corexii_hall_statues_t
D:3:      layout_basic, minmay_ruptured

Action                   || total
-------------------------++-------
Melee: Short sword       ||    37
       Tentacles         ||     4
       Constrict         ||     6
  Use: Potion            ||     2
 Stab: Sleeping          ||     6
  Eat: Chunk             ||     1
Armor: Skin              ||     4
Dodge: Dodged            ||    25

Table legend:
 A = Non-vault XP
 B = Vault XP
 C = Vault XP percentage of total XP
 D = Non-vault monster count
 E = Vault monster count
 F = Vault count percentage of total count
                 A         B        C        D         E       F
            +---------+---------+-------+---------+---------+-------
      Total |      35 |       0 |   0.0 |      17 |       0 |   0.0
            +---------+---------+-------+---------+---------+-------
        D:1 |      21 |       0 |   0.0 |      10 |       0 |   0.0
        D:2 |      14 |       0 |   0.0 |       7 |       0 |   0.0
            +---------+---------+-------+---------+---------+-------
